 Dungeon Crawl Stone Soup version 0.29.1-2-gbd0b4ee654 (webtiles) character file.

Game seed: 7839292478675948783

73 Descartes the Shield-Bearer (level 4, 0/37 HPs)
             Began as a Formicid Fighter on Nov 7, 2022.
             Slain by Sigmund
             ... wielding a +0 scythe
              (7 damage)
             ... on level 2 of the Dungeon.
             The game lasted 00:02:16 (1407 turns).

Descartes the Shield-Bearer (Formicid Fighter)      Turns: 1407, Time: 00:02:17

Health: 0/37       AC:  4    Str: 22    XL:     4   Next: 51%
Magic:  4/4        EV: 10    Int:  8    God:
Gold:   149        SH:  5    Dex: 13    Spells: 3/3 levels left

rFire   . . .      SeeInvis +   a - +0 war axe
rCold   + . .      Faith    .   c - +0 buckler
rNeg    . . .      Spirit   .   r - +1 leather armour {rC+}
rPois   .          Reflect  .   (helmet unavailable)
rElec   .          Harm     .   (no cloak)
rCorr   .          Rampage  .   (no gloves)
Will    .....                   (no boots)
Stlth   +.........              (no amulet)
HPRegen 0.12/turn               (no ring)
MPRegen 0.09/turn               (no ring)

@: no status effects
A: permanent stasis, dig shafts and tunnels, antennae 3, four strong arms
a: Dig, Shaft Self


You were on level 2 of the Dungeon.
You visited 1 branch of the dungeon, and saw 2 of its levels.

You collected 149 gold pieces.

Inventory:

Hand Weapons
 a - a +0 war axe (weapon)
Missiles
 o - 10 poisoned darts
Armour
 b - a +0 scale mail
 c - a +0 buckler (worn)
 r - a +1 leather armour of cold resistance (worn)
Wands
 t - a wand of mindburst (21)
Scrolls
 e - 2 scrolls of vulnerability {unknown}
 g - a scroll of magic mapping {unknown}
 j - a scroll of teleportation {unknown}
 l - a scroll of enchant weapon {unknown}
 q - 2 scrolls of identify {unknown}
 u - a scroll of blinking {unknown}
Potions
 d - 2 potions of might
 f - a potion of heal wounds {unknown}
 h - 2 potions of degeneration {unknown}
 i - a potion of magic {unknown}
 k - 2 potions of brilliance {unknown}
 m - a potion of curing {unknown}
 n - a potion of berserk rage {unknown}
 p - a potion of invisibility {unknown}
 s - a potion of haste {unknown}


   Skills:
 + Level 3.9 Fighting
 + Level 2.8 Axes
 + Level 3.8 Armour
 + Level 4.8 Shields


You had 3 spell levels left.
You didn't know any spells.
Your spell library was empty.

Dungeon Overview and Level Annotations

Branches:
Dungeon (2/15)

Altars:

Annotations:
D:2 Sigmund


Innate Abilities, Weirdness & Mutations

You cannot be hasted, slowed, berserked, paralysed or teleported.
You can dig through walls and to a lower floor.
You have a pair of large antennae on your head. (SInv)
Your four strong arms can wield two-handed weapons with a shield.


Message History

You see here a jackal corpse.
You slash Sigmund!
Sigmund is heavily wounded.
Sigmund closely misses you.
You hit Sigmund.
Sigmund is severely wounded.
Sigmund hits you with a +0 scythe!
You are too injured to fight recklessly!
You are too injured to fight recklessly!
You are too injured to fight recklessly!
You are too injured to fight recklessly!
You are too injured to fight recklessly!
You are too injured to fight recklessly!
You are too injured to fight recklessly!
You are too injured to fight recklessly!
You are too injured to fight recklessly!
You are too injured to fight recklessly!
You are too injured to fight recklessly!
You are too injured to fight recklessly!
You are too injured to fight recklessly!
You are too injured to fight recklessly!
You closely miss Sigmund.
Sigmund is severely wounded.
Sigmund closely misses you.
You hit Sigmund but do no damage.
Sigmund is severely wounded.
You closely miss Sigmund.
Sigmund is severely wounded.
You block Sigmund's attack.
You hit Sigmund.
Sigmund is severely wounded.
Sigmund hits you with a +0 scythe!
* * * LOW HITPOINT WARNING * * *
You slash Sigmund!
Sigmund is almost dead.
Sigmund hits you but does no damage.
You hit Sigmund.
Sigmund is almost dead.
Sigmund hits you with a +0 scythe!
You die...

###.#..#...#.#
#.# #.#
#.##.'.⌠.'.## {
#.#
#.##.#...#..#
#.#
#.##.#####..####
#.#
#.##........##..
######.###
..####......##.#
#......... { ###
#####.###.#
#.####.### #.#
#@# #.# #.# #@#
##)## #.# #.#
###...# #.# #.#
#.....## #.# #.#
{#.#.....
#.###.##
#.#.####
#......# #.#.#
#####!.# #.#.#
#..# #.#.# #....
#.#>#


You could see Sigmund (invisible).

Vanquished Creatures
  A worm (D:2)
  A dart slug (D:1)
  A ball python (D:2)
  6 endoplasms
  5 giant cockroaches
  4 goblins
  6 hobgoblins
  15 jackals
  3 kobolds
  A quokka (D:1)
  5 bats
  9 rats
57 creatures vanquished.

Notes
Turn   | Place    | Note
-------+----------+-------------------------------------------
     0 | D:1      | Descartes the Formicid Fighter began the quest for the Orb.
     0 | D:1      | Reached XP level 1. HP: 18/18 MP: 1/1
   101 | D:1      | Reached XP level 2. HP: 24/24 MP: 2/2
   392 | D:1      | Reached XP level 3. HP: 29/29 MP: 3/3
   914 | D:2      | Reached XP level 4. HP: 34/37 MP: 4/4
  1390 | D:2      | Noticed Sigmund
  1407 | D:2      | Slain by Sigmund

Illustrated notes

Levels and vault maps discovered:
D:1:      dpeg_arrival_ratfight, layout_basic, minmay_3d_cube
D:2:      layout_loops_ring, minmay_misc_feat_room, minmay_tromino_v4_a,
          uniq_sigmund

Action                   |  1- 3 |  4- 6 || total
-------------------------+-------+-------++-------
Melee: War axe           |    97 |    57 ||   154
 Stab: Sleeping          |       |     1 ||     1
Armor: Scale mail        |    47 |    28 ||    75
       Leather armour    |       |     9 ||     9
Dodge: Dodged            |    50 |    32 ||    82
Block: Buckler           |    24 |    17 ||    41
